 Dungeon Crawl Stone Soup version 0.27.0-1-g7a08968 (webtiles) character file.

Game seed: 9499514283078560117

168 AmazingTV the Sneak (level 5, 0/27 HPs)
             Began as a Spriggan Brigand on Aug 26, 2021.
             Slain by a gnoll (4 damage)
             ... on level 3 of the Dungeon.
             The game lasted 00:08:59 (2954 turns).

AmazingTV the Sneak (Spriggan Brigand)              Turns: 2954, Time: 00:08:59

Health: 0/27       AC:  3    Str:  8    XL:     5   Next: 23%
Magic:  6/6        EV: 18    Int: 12    God:
Gold:   175        SH:  0    Dex: 17    Spells: 4/4 levels left

rFire    . . .     SeeInvis +   a - +2 dagger
rCold    . . .     Faith    .   (shield restricted)
rNeg     . . .     Spirit   .   i - +0 robe
rPois    .         Reflect  .   (helmet restricted)
rElec    .         Harm     .   c - +0 cloak
rCorr    .         Rampage  .   (gloves unavailable)
Will     .....                  (boots unavailable)
Stlth    ++++......             (no amulet)
HPRegen  0.09/turn              (no ring)
MPRegen  0.10/turn              (no ring)

@: very quick
A: very small, no large weapons, unfitting armour, see invisible, speed 3
a: no special abilities


You were on level 3 of the Dungeon.
You visited 1 branch of the dungeon, and saw 3 of its levels.

You collected 175 gold pieces.

Inventory:

Hand Weapons
 a - a +2 dagger (weapon)
 b - a +0 short sword
Missiles
 o - 16 bolts
Armour
 c - a +0 cloak (worn)
 i - a +0 robe (worn)
Scrolls
 f - a scroll of brand weapon {unknown}
 g - 2 scrolls of enchant armour {unknown}
 j - 2 scrolls of fear {unknown}
 k - a scroll of identify {unknown}
 l - a scroll of noise {unknown}
 m - a scroll of amnesia {unknown}
 n - 2 scrolls of teleportation {unknown}
 p - 2 scrolls of enchant weapon {unknown}
 q - a scroll of vulnerability {unknown}
Potions
 h - a potion of curing
 r - a potion of degeneration {unknown}
 s - a potion of heal wounds {unknown}


   Skills:
 + Level 2.3 Fighting
 + Level 3.3 Short Blades
 + Level 3.0 Throwing
 + Level 3.2 Dodging
 + Level 6.8 Stealth


You had 4 spell levels left.
You didn't know any spells.
Your spell library was empty.

Dungeon Overview and Level Annotations

Branches:
Dungeon (3/15)

Altars:


Innate Abilities, Weirdness & Mutations

You are very small and have problems with some larger weapons.
You are too small for most types of armour.
You have supernaturally acute eyesight. (SInv)
You cover ground extremely quickly. (Speed+++)


Message History

a +0 club; a gnoll corpse You barely miss the gnoll.
The gnoll barely misses you.
You hit the gnoll but do no damage. The gnoll misses you.
You closely miss the gnoll. The gnoll barely misses you.
You barely miss the gnoll. The gnoll closely misses you.
You hit the gnoll but do no damage. The gnoll hits you with a +0 spear.
You hit the gnoll.
The gnoll is lightly wounded.
You hit the gnoll but do no damage.
The gnoll is lightly wounded.
The gnoll hits you with a +0 spear.
You hit the gnoll.
The gnoll is moderately wounded.
The gnoll misses you.
You barely miss the gnoll.
The gnoll is moderately wounded.
The gnoll barely misses you.
You hit the gnoll.
The gnoll is heavily wounded.
The gnoll hits you with a +0 spear.
You hit the gnoll but do no damage.
The gnoll is heavily wounded.
The gnoll closely misses you.
You hit the gnoll.
The gnoll is heavily wounded.
The gnoll hits you with a +0 spear.
You hit the gnoll.
The gnoll is heavily wounded.
You hit the gnoll but do no damage.
The gnoll is heavily wounded.
The gnoll completely misses you.
You barely miss the gnoll.
The gnoll is heavily wounded.
The gnoll hits you with a +0 spear!
* * * LOW HITPOINT WARNING * * *
You completely miss the gnoll.
The gnoll is heavily wounded.
The gnoll closely misses you.
The gnoll hits you from afar with a +0 spear.
You die...

#.# #.# #### #.# #†#
.... #.### #.# ####
....# #.# .# #.#.# #.#
<... #.#.# #.# ###
.....##.#.## #.# ...
(.......††.#########.#
###
......(..g)@)........#
....(.##...###########
#..##. ##.## #. . #.#
. .. ..# .# #### ..


You could see a gnoll.

Vanquished Creatures
  2 hounds (D:2)
  2 gnolls (D:3)
  2 adders (D:3)
  A worm (D:2)
  4 dart slugs
  5 bats
  3 endoplasms
  3 giant cockroaches
  5 goblins
  11 hobgoblins
  4 jackals (D:3)
  4 kobolds
  2 quokkas (D:2)
  4 ball pythons
  8 rats
60 creatures vanquished.

Notes
Turn   | Place    | Note
-------+----------+-------------------------------------------
     0 | D:1      | AmazingTV the Spriggan Brigand began the quest for the Orb.
     0 | D:1      | Reached XP level 1. HP: 10/10 MP: 2/2
   413 | D:1      | Reached skill level 6 in Stealth
   455 | D:1      | Reached XP level 2. HP: 15/15 MP: 3/3
   782 | D:1      | Found a faded altar of an unknown god.
  1165 | D:2      | Reached XP level 3. HP: 18/18 MP: 4/4
  1485 | D:2      | Reached XP level 4. HP: 21/23 MP: 5/5
  2758 | D:3      | Reached XP level 5. HP: 26/26 MP: 6/6
  2954 | D:3      | Slain by a gnoll

Illustrated notes

Levels and vault maps discovered:
D:1:      wheals_arrival_linesprint, layout_basic,
          shapermc_ecumenical_altar_petra
D:2:      layout_basic
D:3:      layout_loops_ring

Skill      XL: |  1  2  3  4  5 |
---------------+----------------+-----
Stealth        | 6 |  6.8
Dodging        | 2 3 |  3.2
Fighting       | 2 |  2.3
Short Blades   | 3 |  3.3
Throwing       | 3 |  3.0

Action                   |  1- 3 |  4- 6 || total
-------------------------+-------+-------++-------
Melee: Dagger            |    71 |   128 ||   199
Throw: Dart              |     7 |    23 ||    30
  Use: Potion            |       |     1 ||     1
 Stab: Sleeping          |    13 |    10 ||    23
Armor: Robe              |     6 |    14 ||    20
Dodge: Dodged            |    32 |    89 ||   121
